 Dungeon Crawl Stone Soup version 0.23.2-30-g0e89c35649 (webtiles) character file.

Game seed: 48509998339966832

2784 Mrkan the Shield-Bearer (level 9, 0/57 HPs)
             Began as a Gargoyle Fighter on June 24, 2019.
             Was a Believer of Nemelex Xobeh.
             Slain by a killer bee (5 damage)
             ... on level 8 of the Dungeon.
             The game lasted 00:12:45 (6293 turns).

Mrkan the Shield-Bearer (Gargoyle Fighter)          Turns: 6293, Time: 00:12:45

Health: 0/57       AC: 20    Str: 25    XL:     9   Next: 70%
Magic:  22/22      EV:  5    Int: 11    God:    Nemelex Xobeh [**....]
Gold:   396        SH: 11    Dex: 11    Spells: 8/8 levels left

rFire    . . .     SeeInvis .   B - +6 spear of Weved {drain, *Rage MP+9 Str+3 Int+3}
rCold    . . .     Gourm    .   c - +0 shield
rNeg     + . .     Faith    .   p - +1 plate armour
rPois    ∞         Spirit   .   u - +0 helmet
rElec    +         Reflect  .   K - scarf {repulsion}
rCorr    +         Harm     .   (no gloves)
MR       .....     Rnd*Rage +   (no boots)
Stlth    ..........             (no amulet)
HPRegen  0.19/turn              r - ring of resist corrosion
MPRegen  0.18/turn              (no ring)

@: repel missiles
A: negative energy resistance 1, electricity resistance, unbreathing,
petrification resistance, rot immunity, AC +6
a: Draw Escape, Draw Destruction, Draw Summoning, Renounce Religion


You were on level 8 of the Dungeon.
You worshipped Nemelex Xobeh.
Nemelex Xobeh was pleased with you.
You were not hungry.

You visited 1 branch of the dungeon, and saw 8 of its levels.

You collected 396 gold pieces.

Inventory:

Hand Weapons
 a - a +1 flail
 B - the +6 spear of Weved (weapon) {drain, *Rage MP+9 Str+3 Int+3}
   (You found it on level 4 of the Dungeon)

   A truly terrible weapon, it drains the life of those it strikes.
   It affects your strength (+3).
   It affects your intelligence (+3).
   It affects your magic capacity (+9).
   It may make you go berserk in combat.
Armour
 c - a +0 shield (worn)
 p - a +1 plate armour (worn)
 u - a +0 helmet (worn)
 K - a scarf of repulsion (worn)
Jewellery
 b - an uncursed ring of flight
 h - an uncursed ring of ice {unknown}
 r - a ring of resist corrosion (left hand)
 z - an uncursed ring of wizardry
Wands
 C - a wand of random effects (19)
Scrolls
 e - a scroll of noise
 j - a scroll of amnesia {unknown}
 k - a scroll of blinking
 l - 4 scrolls of remove curse
 m - 2 scrolls of enchant weapon
 q - 3 scrolls of enchant armour
 t - 6 scrolls of teleportation
Potions
 d - a potion of might
 g - 3 potions of agility
 i - 2 potions of resistance {unknown}
 n - 4 potions of brilliance
 o - 2 potions of magic {unknown}
 s - a potion of curing
 v - a potion of haste {unknown}
 w - a potion of invisibility {unknown}
 D - 2 potions of heal wounds {unknown}
 E - a potion of berserk rage {unknown}
 H - a potion of mutation {unknown}
Comestibles
 f - 7 rations
 x - a chunk of flesh


   Skills:
 + Level 7.2 Fighting
 - Level 4.5 Maces & Flails
 * Level 6.5 Polearms
 - Level 3.2 Armour
 + Level 7.2 Shields
 + Level 5.7 Invocations


You had 8 spell levels left.
You didn't know any spells.
Your spell library contained the following spells:

 Spells                   Type           Power        Failure   Level  Hunger
 Animate Skeleton         Necr           N/A          100%        1    ##.....
 Confusing Touch          Hex            #.....       100%        1    ##.....
 Pain                     Necr           #...         100%        1    ##.....
 Confuse                  Hex            #.......     100%        3    ####...
 Gell's Gravitas          Tloc           #.........   100%        3    ####...
 Regeneration             Chrm/Necr      #.........   100%        3    ####...
 Vampiric Draining        Necr           #.........   100%        3    ####...
 Animate Dead             Necr           N/A          100%        4    #####..
 Petrify                  Tmut/Erth      #.......     100%        4    #####..
 Metabolic Englaciation   Hex/Ice        #.........   100%        5    ######.
 Yara's Violent Unravell  Hex/Tmut       #.........   100%        5    ######.


Dungeon Overview and Level Annotations

Branches:
Dungeon (8/15)             Temple (0/1) D:4
   Lair: D:8-11

Altars:
Elyvilon
Hepliaklqana
Makhleb
Nemelex Xobeh
Wu Jian
Zin


Innate Abilities, Weirdness & Mutations

You are resistant to torment.
Your stone body is resilient. (AC +6)
You are immune to poison.
You resist negative energy. (rN+)
You are resistant to electric shocks. (rElec)
You can survive without breathing.
You are immune to petrification.
You are immune to rotting.


Message History

The killer bee closely misses your basilisk.
You block the killer bee's attack.
Your raiju barely misses the killer bee.
The killer bee misses your basilisk.
Your basilisk misses the killer bee.
The queen bee calls on the killer bee to defend it!
The killer bee goes berserk!
The killer bee stings your basilisk.
The killer bee stings you but does no damage.
You block the killer bee's attack. The killer bee stings your basilisk!
The killer bee stings your basilisk but does no damage.
The killer bee closely misses your basilisk.
You block the killer bee's attack.
Your raiju misses the killer bee.
Your basilisk closely misses the killer bee.
The queen bee stings your basilisk!
Your basilisk looks as sick as possible!
The queen bee poisons your basilisk! You block the killer bee's attack.
The killer bee closely misses your basilisk.
The killer bee stings you.
You die...
Your body disappears without a glow.

## .# .## #..##
... ....# ....
##.##.##.y#
##..##○#...#
##.@###)#o.#
###..yyyyyry.#
#.....ylyyo..#
#.....h.yy...#
#..<...yy.#....#
#......<.###..##
#..........#....
#.....÷.........
#............!..


You could see a queen bee, 12 killer bees, an orc, a quokka, a friendly raiju
and a friendly basilisk.

Vanquished Creatures
  A hippogriff (D:6)
  2 orc warriors
  A phantom (D:7)
  An ice beast (D:6)
  A black bear (D:6)
  A necrophage (D:6)
  5 ogres
  3 centaurs
  A bullfrog (D:6)
  2 scorpions
  9 wights
  A crimson imp (D:6)
  A howler monkey (D:4)
  A bullfrog zombie (D:6)
  3 hounds
  2 bullfrog skeletons
  An orc priest (D:6)
  A centaur skeleton (D:4)
  4 orc wizards
  3 iguanas
  4 worker ants
  3 gnolls (D:6)
  2 howler monkey skeletons
  5 adders
  An ooze (D:3)
  An adder skeleton (D:7)
  An adder zombie (D:5)
  2 worms
  A dart slug (D:3)
  A leopard gecko (D:1)
  25 orcs
  4 bats (D:1)
  4 giant cockroaches
  A goblin (D:3)
  6 hobgoblins
  9 jackals (D:4)
  5 quokkas
  4 frilled lizards
  3 kobolds (D:1)
  2 leopard gecko skeletons (D:4)
  A quokka skeleton (D:4)
  4 rats
133 creatures vanquished.

Vanquished Creatures (collateral kills)
  3 killer bees (D:8)
3 creatures vanquished.

Grand Total: 136 creatures vanquished

Notes
Turn   | Place    | Note
-------+----------+-------------------------------------------
     0 | D:1      | Mrkan the Gargoyle Fighter began the quest for the Orb.
     0 | D:1      | Reached XP level 1. HP: 14/14 MP: 1/1
   185 | D:1      | Reached XP level 2. HP: 18/19 MP: 2/2
   768 | D:2      | Reached XP level 3. HP: 13/23 MP: 3/3
  1106 | D:2      | Found a faded altar of an unknown god.
  1592 | D:3      | Reached XP level 4. HP: 29/29 MP: 4/4
  2182 | D:3      | Found a sparkling altar of Nemelex Xobeh.
  2192 | D:3      | Became a worshipper of Nemelex Xobeh the Trickster
  2272 | D:4      | Received a gift from Nemelex Xobeh
  2307 | D:4      | Reached XP level 5. HP: 33/33 MP: 5/5
  2342 | D:4      | Noticed an ogre
  2348 | D:4      | Reached skill level 1 in Invocations
  2354 | D:4      | Killed an ogre
  2354 | D:4      | Reached XP level 6. HP: 11/39 MP: 5/7
  2483 | D:4      | Got a scorched spear
  2484 | D:4      | Identified the +6 spear of Weved {drain, *Rage MP+9 Str+3
                  | Int+3} (You found it on level 4 of the Dungeon)
  2527 | D:4      | Found a staircase to the Ecumenical Temple.
  2579 | D:4      | Reached skill level 1 in Polearms
  2946 | D:4      | Reached * piety under Nemelex Xobeh
  2952 | D:4      | Reached XP level 7. HP: 44/44 MP: 8/8
  2970 | D:4      | Reached skill level 5 in Shields
  2976 | D:4      | Reached skill level 5 in Fighting
  3413 | D:5      | Entered Level 5 of the Dungeon
  3461 | D:5      | Found a burning altar of Makhleb.
  3514 | D:5      | Reached XP level 8. HP: 46/50 MP: 10/10
  3620 | D:5      | Found an ornate altar of the Wu Jian Council.
  3633 | D:5      | Found a hazy altar of Hepliaklqana.
  3678 | D:5      | Received a gift from Nemelex Xobeh
  4319 | D:6      | Found a glowing silver altar of Zin.
  4327 | D:6      | Found a white marble altar of Elyvilon.
  4469 | D:6      | Reached ** piety under Nemelex Xobeh
  4970 | D:6      | Reached skill level 5 in Polearms
  4993 | D:6      | Received a gift from Nemelex Xobeh
  5164 | D:6      | Reached XP level 9. HP: 52/56 MP: 12/12
  5270 | D:7      | Reached skill level 5 in Invocations
  6274 | D:8      | Noticed a queen bee
  6293 | D:8      | Slain by a killer bee

Skill      XL: |  1  2  3  4  5  6  7  8  9 |
---------------+----------------------------+-----
Maces & Flails | 3 4 |  4.5
Fighting       | 4 5 6 7 |  7.2
Shields        | 4 5 6 7 |  7.2
Invocations    | 1 2 3 4 5 |  5.7
Polearms       | 2 3 5 6 |  6.5
Armour         | |  3.2

Action                   |  1- 3 |  4- 6 |  7- 9 || total
-------------------------+-------+-------+-------++-------
Melee: Flail             |   151 |    82 |       ||   233
       Spear             |       |    27 |   292 ||   319
 Abil: Draw Destruction  |       |       |     2 ||     2
       Draw Summoning    |       |       |     1 ||     1
  Use: Scroll            |       |     1 |    18 ||    19
       Potion            |       |       |     1 ||     1
  Eat: Chunk             |     2 |     4 |    12 ||    18
Armor: Scale mail        |   101 |       |       ||   101
       Plate armour      |    29 |    72 |   215 ||   316
Dodge: Dodged            |    52 |    18 |    57 ||   127
Block: Shield            |    95 |    56 |   185 ||   336
